 Dungeon Crawl Stone Soup version 0.25.0-9-g26727b6 (webtiles) character file.

Game seed: 9318962092657873805

10108 tboon the Basher (level 11, -1/71 HPs)
             Began as a Gargoyle Fighter on June 19, 2020.
             Was a Believer of Makhleb.
             Slain by a bullfrog (5 damage)
             ... on level 1 of the Lair of Beasts.
             The game lasted 00:42:21 (13697 turns).

tboon the Basher (Gargoyle Fighter)                Turns: 13697, Time: 00:42:22

Health: -1/71      AC: 25    Str: 21    XL:     11   Next: 57%
Magic:  14/14      EV:  7    Int: 10    God:    Makhleb [**....]
Gold:   370        SH: 11    Dex: 10    Spells: 10/10 levels left

rFire    . . .     SeeInvis +   a - +0 flail (holy)
rCold    . . .     Gourm    .   c - +0 kite shield
rNeg     + . .     Faith    .   d - +0 chain mail
rPois    ∞         Spirit   .   R - +2 helmet
rElec    +         Reflect  .   C - scarf {repulsion}
rCorr    .         Harm     .   v - +0 pair of gloves
MR       .....                  i - +0 pair of boots
Stlth    ..........             (no amulet)
HPRegen  0.21/turn              J - ring of stealth {Stlth+}
MPRegen  0.14/turn              p - ring of see invisible {sInv, !d}

@: mighty, repel missiles
A: negative energy resistance 1, electricity resistance, unbreathing,
petrification resistance, rot immunity, AC +8
a: Minor Destruction, Renounce Religion


You were on level 1 of the Lair of Beasts.
You worshipped Makhleb.
Makhleb was pleased with you.
You were not hungry.

You visited 3 branches of the dungeon, and saw 12 of its levels.

You collected 784 gold pieces.
You spent 414 gold pieces at shops.

Inventory:

Hand Weapons
 a - a +0 flail of holy wrath (weapon)
   (You found it on level 8 of the Dungeon)
Missiles
 g - 3 curare-tipped darts
 r - 52 poisoned darts (quivered)
 z - a throwing net {=f, !d}
Armour
 c - a +0 kite shield (worn)
 d - a +0 chain mail (worn)
   (You took it off an orc warrior on level 5 of the Dungeon)
 i - a +0 pair of boots (worn)
   (You found it on level 1 of the Dungeon)
 v - a +0 pair of gloves (worn)
   (You found it on level 6 of the Dungeon)
 C - a scarf of repulsion (worn)
   (You found it on level 1 of the Lair of Beasts)
 R - a +2 helmet (worn)
   (You found it on level 9 of the Dungeon)
Jewellery
 p - a ring of see invisible (right hand) {sInv, !d}
   (You found it on level 10 of the Dungeon)
 J - a ring of stealth (left hand) {Stlth+}
   (You found it on level 9 of the Dungeon)
Wands
 E - a wand of disintegration (8)
   (You found it on level 7 of the Dungeon)
 L - a wand of iceblast (7)
   (You took it off an orc priest on level 8 of the Dungeon)
 M - a wand of acid (10)
   (You found it on level 8 of the Dungeon)
 N - a wand of paralysis (6)
   (You found it on level 9 of the Dungeon)
 O - a wand of clouds (5)
   (You found it on level 9 of the Dungeon)
 P - a wand of enslavement (10)
   (You found it on level 10 of the Dungeon)
 S - a wand of random effects (11)
   (You found it on level 10 of the Dungeon)
Scrolls
 e - a scroll of magic mapping {unknown}
 h - a scroll of fog
 j - 3 scrolls of teleportation
 l - 5 scrolls of remove curse
 n - 3 scrolls of fear
 q - 3 scrolls of enchant armour {unknown}
 s - 2 scrolls of amnesia
 y - 5 scrolls of enchant weapon {unknown}
 B - a scroll of noise {unknown}
 F - 2 scrolls of immolation {unknown}
 I - 5 scrolls of blinking {unknown}
 Q - a scroll of silence {unknown}
Potions
 b - a potion of might
 k - 5 potions of curing
 m - 2 potions of cancellation {unknown}
 o - 4 potions of heal wounds
 t - a potion of flight {unknown}
 u - 2 potions of brilliance {unknown}
 w - a potion of degeneration {unknown}
 x - a potion of berserk rage {!q}
 A - 3 potions of magic
 D - a potion of mutation {unknown}
 K - a potion of lignification {unknown}
 V - 2 potions of haste
Comestibles
 f - 8 rations


   Skills:
 + Level 9.0 Fighting
 * Level 10.9 Maces & Flails
 + Level 8.9 Armour
 + Level 9.0 Shields
 + Level 3.4 Invocations
 + Level 4.3 Evocations


You had 10 spell levels left.
You didn't know any spells.
Your spell library contained the following spells:

 Spells                   Type           Power        Failure   Level  Hunger
 Magic Dart               Conj           #...         99%         1    ##.....
 Searing Ray              Conj           #.....       100%        2    ###....
 Dazzling Flash           Conj/Hex       #.....       100%        3    ####...
 Fulminant Prism          Conj/Hex       #.........   100%        4    #####..
 Iskenderun's Mystic Bla  Conj/Tloc      #.......     100%        4    #####..


Dungeon Overview and Level Annotations

Branches:
Dungeon (10/15)            Temple (1/1) D:5            Lair (1/6) D:10
    Orc: D:9-12

Altars:
Ashenzari
Cheibriados
Dithmenos
Elyvilon
Fedhas
Gozag
Hepliaklqana
Kikubaaqudgha
Makhleb
Nemelex Xobeh
Okawaru
Qazlal
Ru
Sif Muna
Trog
Uskayaw
Vehumet
Wu Jian
Xom
Yredelemnul
Zin
The Shining One

Shops:
D:4 (   D:5 (   D:8 }!*

Annotations:
D:6 2 transporters
D:9 exclusion: statue


Innate Abilities, Weirdness & Mutations

You are resistant to torment.
Your stone body is resilient. (AC +8)
You are immune to poison.
You resist negative energy. (rN+)
You are resistant to electric shocks. (rElec)
You can survive without breathing.
You are immune to petrification.
You are immune to rotting.


Message History

You block the four-headed hydra's attack. x2
You hit the four-headed hydra.
The four-headed hydra is lightly wounded.
You block the four-headed hydra's attack.
The four-headed hydra bites you!
The four-headed hydra completely misses you.
The four-headed hydra bites you but does no damage.
You hit the four-headed hydra.
The four-headed hydra is lightly wounded.
The four-headed hydra barely misses you.
You block the four-headed hydra's attack.
The four-headed hydra bites you but does no damage. x2
A bullfrog comes into view.
You barely miss the four-headed hydra.
The four-headed hydra is lightly wounded.
The bullfrog croaks.
The four-headed hydra bites you but does no damage. x2
You block the four-headed hydra's attack.
The four-headed hydra closely misses you.
You sock the four-headed hydra!
The four-headed hydra is lightly wounded.
The four-headed hydra bites you.
The four-headed hydra bites you but does no damage.
The four-headed hydra closely misses you.
The four-headed hydra bites you but does no damage.
You hit the four-headed hydra.
The four-headed hydra is lightly wounded.
The four-headed hydra bites you.
The four-headed hydra barely misses you.
You block the four-headed hydra's attack. x2
You hit the four-headed hydra.
The four-headed hydra is lightly wounded.
You hear the slow rumble of a very distant avalanche of rocks.
You hit the four-headed hydra but do no damage.
The four-headed hydra is lightly wounded.
The four-headed hydra bites you but does no damage.
The four-headed hydra closely misses you.
The four-headed hydra bites you.
The four-headed hydra bites you but does no damage.
You thump the four-headed hydra!
The four-headed hydra is moderately wounded.
You block the four-headed hydra's attack.
The four-headed hydra bites you but does no damage. x2
The four-headed hydra barely misses you.
You barely miss the four-headed hydra.
The four-headed hydra is moderately wounded.
You block the four-headed hydra's attack.
The four-headed hydra bites you.
The four-headed hydra bites you but does no damage. x2
You thump the four-headed hydra!
The four-headed hydra is moderately wounded.
The four-headed hydra closely misses you.
The four-headed hydra bites you but does no damage.
You block the four-headed hydra's attack.
The four-headed hydra bites you!
You feel very mighty all of a sudden.
The four-headed hydra bites you but does no damage.
You block the four-headed hydra's attack.
The four-headed hydra barely misses you.
You block the four-headed hydra's attack.
Your chain mail prevents you from hitting the four-headed hydra.
The four-headed hydra is moderately wounded.
You block the porcupine's attack.
The four-headed hydra bites you but does no damage.
The four-headed hydra bites you! x2
You block the four-headed hydra's attack.
You sock the four-headed hydra!
The four-headed hydra is heavily wounded.
You block the porcupine's attack.
You block the four-headed hydra's attack.
The four-headed hydra bites you but does no damage.
The four-headed hydra bites you!
* * * LOW HITPOINT WARNING * * *
The four-headed hydra barely misses you.
You bludgeon the four-headed hydra!!
The four-headed hydra is severely wounded.
You block the porcupine's attack. The four-headed hydra bites you.
* * * LOW HITPOINT WARNING * * *
You block the four-headed hydra's attack.
The four-headed hydra bites you!
* * * LOW HITPOINT WARNING * * *
The four-headed hydra bites you but does no damage.
You thump the four-headed hydra!
The four-headed hydra is severely wounded.
You block the porcupine's attack.
The bullfrog releases a deep croak.
The four-headed hydra bites you.
* * * LOW HITPOINT WARNING * * *
The four-headed hydra bites you but does no damage. x3
You bludgeon the four-headed hydra!!
You kill the four-headed hydra!
Makhleb accepts your kill.
Your Fighting skill increases to level 9!
Your Shields skill increases to level 9!
You block the porcupine's attack.
The bullfrog hits you but does no damage.
You closely miss the bullfrog. You block the porcupine's attack.
The bullfrog completely misses you.
You completely miss the bullfrog. The bullfrog hits you.
You die...

##.................###
##..........#(...##
##.........##...#
##...........###
##..........#
..........# .........#
........## ........@#
......#r#F≈.≈..#
......#...≈.≈≈..
.....#....≈≈≈...
................
................
................
...... .......


You could see a bullfrog and a porcupine.

Vanquished Creatures
  A hydra (Lair:1)
  3 two-headed ogres
  Erica (D:8)
  2 oklob plants (D:10)
  An ugly thing (D:8)
  A yaktaur (shapeshifter) (D:8)
  A hippogriff (D:9)
  A wyvern (D:10)
  A hungry ghost (D:10)
  An orc warrior (D:5)
  A sky beast (D:10)
  2 ice beasts
  4 ogres
  3 phantoms (D:6)
  7 centaurs
  4 big kobolds
  8 bullfrogs
  Blork the orc (D:6)
  5 scorpions
  2 killer bees
  10 wights
  A howler monkey (D:6)
  3 crimson imps
  5 centaur zombies
  6 orc priests
  3 hounds
  2 bullfrog skeletons
  A centaur skeleton (D:6)
  2 bullfrog zombies (D:8)
  Jessica (D:7)
  3 iguanas
  4 orc wizards
  Natasha (thrice) (D:2)
  9 worker ants
  4 hound skeletons
  A howler monkey skeleton (D:6)
  10 adders
  3 gnolls (D:2)
  2 shadow imps
  2 oozes
  An adder zombie (D:6)
  An adder skeleton (D:4)
  4 worms
  4 dart slugs
  2 leopard geckos
  28 orcs
  10 bats
  5 giant cockroaches
  9 goblins
  10 hobgoblins
  4 jackals (D:1)
  6 quokkas
  4 ball pythons
  6 frilled lizards
  23 kobolds
  2 leopard gecko skeletons
  A rat (D:2)
  A plant (D:10)
246 creatures vanquished.

Vanquished Creatures (others)
  An orc wizard (D:8)
1 creature vanquished.

Grand Total: 247 creatures vanquished

Notes
Turn   | Place    | Note
-------+----------+-------------------------------------------
     0 | D:1      | tboon the Gargoyle Fighter began the quest for the Orb.
     0 | D:1      | Reached XP level 1. HP: 14/14 MP: 1/1
    95 | D:1      | Reached XP level 2. HP: 19/19 MP: 2/2
   454 | D:1      | Reached XP level 3. HP: 21/23 MP: 3/3
  1115 | D:2      | Reached skill level 3 in Maces & Flails
  1135 | D:2      | Noticed Natasha
  1149 | D:2      | Killed Natasha
  1149 | D:2      | Reached XP level 4. HP: 17/29 MP: 4/4
  1352 | D:2      | Noticed Natasha
  1357 | D:2      | Killed Natasha
  1365 | D:2      | Noticed Natasha
  1369 | D:2      | Killed Natasha
  1369 | D:2      | Reached skill level 4 in Fighting
  1369 | D:2      | Reached skill level 4 in Armour
  1369 | D:2      | Reached skill level 4 in Shields
  1369 | D:2      | Reached XP level 5. HP: 27/33 MP: 5/5
  2175 | D:3      | Reached skill level 4 in Maces & Flails
  2188 | D:3      | Found a white marble altar of Elyvilon.
  2606 | D:3      | Found a faded altar of an unknown god.
  2721 | D:3      | Reached XP level 6. HP: 39/39 MP: 6/6
  3441 | D:4      | Found a snail-covered altar of Cheibriados.
  3772 | D:4      | Found Dolesof's Weapon Emporium.
  4188 | D:5      | Entered Level 5 of the Dungeon
  4307 | D:5      | HP: 5/39 [killer bee (5)]
  4314 | D:5      | HP: 1/39 [killer bee (5)]
  4710 | D:4      | Reached XP level 7. HP: 27/44 MP: 7/7
  4881 | D:5      | Found a staircase to the Ecumenical Temple.
  4897 | Temple   | Entered the Ecumenical Temple
  5142 | D:5      | Reached skill level 5 in Maces & Flails
  5152 | D:5      | Reached skill level 5 in Fighting
  5172 | D:5      | Reached skill level 5 in Armour
  5172 | D:5      | Reached skill level 5 in Shields
  5242 | D:5      | Found Cinuaton's Weapon Boutique.
  6277 | D:6      | Reached XP level 8. HP: 50/50 MP: 8/8
  6281 | D:6      | Reached skill level 6 in Maces & Flails
  6334 | D:6      | Noticed a +0 dagger
  6334 | D:6      | Noticed a -2 hand axe
  6349 | D:6      | HP: 5/50 [orc warrior/+0 scimitar (13)]
  6618 | D:6      | Noticed Blork the orc
  6867 | D:6      | Found a shattered altar of Ashenzari.
  6957 | D:6      | Reached skill level 6 in Fighting
  6974 | D:6      | Reached skill level 6 in Shields
  6983 | D:6      | Reached skill level 6 in Armour
  6995 | D:6      | Reached skill level 7 in Maces & Flails
  7045 | D:6      | Reached XP level 9. HP: 30/56 MP: 9/9
  7426 | D:6      | Found a transporter.
  7430 | D:6      | Noticed a tengu warrior
  7431 | D:6      | Found a transporter.
  7431 | D:6      | Noticed a troll
  7440 | D:6      | Found an opulent altar of Gozag.
  7440 | D:6      | Found an iron altar of Okawaru.
  7819 | D:6      | Found a hide-covered altar of Uskayaw.
  7845 | D:6      | Killed Blork the orc
  7942 | D:6      | Reached skill level 8 in Maces & Flails
  8141 | D:6      | Found a shadowy altar of Dithmenos.
  8537 | D:7      | Noticed Jessica
  8540 | D:7      | Killed Jessica
  8540 | D:7      | Reached skill level 7 in Fighting
  8548 | D:7      | Found a shimmering blue altar of Sif Muna.
  8605 | D:7      | Reached skill level 7 in Shields
  8645 | D:7      | Found a basalt altar of Yredelemnul.
  8835 | D:7      | Found an ancient bone altar of Kikubaaqudgha.
  8837 | D:7      | Found a shimmering altar of Xom.
  8837 | D:7      | Found a glowing golden altar of the Shining One.
  8839 | D:7      | Found a basalt altar of Yredelemnul.
  8839 | D:7      | Found a shimmering altar of Xom.
  8839 | D:7      | Found a shadowy altar of Dithmenos.
  8939 | D:8      | Noticed a two-headed ogre
  8943 | D:8      | Noticed Erica
  8948 | D:7      | Killed a two-headed ogre
  8948 | D:7      | Reached skill level 7 in Armour
  8948 | D:7      | Reached skill level 1 in Evocations
  9095 | Temple   | Became a worshipper of Makhleb the Destroyer
  9196 | D:8      | Reached XP level 10. HP: 57/63 MP: 11/11
  9226 | D:8      | HP: 15/63 [something/lance of force (10)]
  9234 | D:8      | HP: 12/63 [something (3)]
  9242 | D:8      | HP: 10/63 [Erica/+3 scimitar of flaming (2)]
  9244 | D:8      | Killed Erica
  9244 | D:8      | Reached skill level 9 in Maces & Flails
  9244 | D:8      | Reached skill level 2 in Evocations
  9537 | D:8      | Found Cerit Lal's Gadget Shoppe.
  9595 | D:8      | Found an ancient bone altar of Kikubaaqudgha.
  9733 | D:8      | Found Duec's Distillery.
  9742 | D:8      | Bought a potion of resistance for 120 gold pieces
  9742 | D:8      | Bought a potion of heal wounds for 60 gold pieces
  9742 | D:8      | Bought a potion of curing for 36 gold pieces
 10060 | D:8      | Reached skill level 8 in Fighting
 10101 | D:8      | Noticed a green ugly thing
 10121 | D:8      | Killed a green ugly thing
 10121 | D:8      | Reached skill level 8 in Armour
 10121 | D:8      | Reached skill level 8 in Shields
 10121 | D:8      | Reached skill level 3 in Evocations
 10343 | D:8      | Found Tuaj's Assorted Antiques.
 10443 | D:8      | Reached * piety under Makhleb
 10679 | D:9      | Found a radiant altar of Vehumet.
 10826 | D:9      | Reached skill level 10 in Maces & Flails
 11190 | D:9      | Found a sacrificial altar of Ru.
 11278 | D:9      | Reached skill level 1 in Invocations
 11608 | D:10     | Entered Level 10 of the Dungeon
 11923 | D:10     | Found a staircase to the Lair.
 11924 | D:10     | Noticed an oklob plant
 11928 | D:10     | Noticed an oklob plant
 11955 | D:10     | Noticed a two-headed ogre
 11962 | D:10     | Noticed a two-headed ogre
 11976 | D:10     | Reached XP level 11. HP: 63/69 MP: 13/13
 11990 | D:10     | Killed a two-headed ogre
 11990 | D:10     | Reached skill level 2 in Invocations
 11996 | D:10     | HP: 15/69 [two-headed ogre/+0 giant club (14)]
 12097 | D:10     | Killed a two-headed ogre
 12117 | D:10     | Reached skill level 4 in Evocations
 12648 | D:10     | Reached ** piety under Makhleb
 12950 | D:10     | HP: 7/69 [acid (16)]
 12956 | D:10     | Killed an oklob plant
 12956 | D:10     | Reached skill level 3 in Invocations
 13238 | D:10     | Killed an oklob plant
 13554 | D:8      | Bought a glowing mace for 198 gold pieces
 13634 | Lair:1   | Entered Level 1 of the Lair of Beasts
 13676 | Lair:1   | Noticed a four-headed hydra
 13692 | Lair:1   | HP: 16/69 [four-headed hydra (7)]
 13693 | Lair:1   | HP: 4/69 [four-headed hydra (10)]
 13695 | Lair:1   | Killed a four-headed hydra
 13695 | Lair:1   | Reached skill level 9 in Fighting
 13695 | Lair:1   | Reached skill level 9 in Shields
 13697 | Lair:1   | Slain by a bullfrog

Illustrated notes

Levels and vault maps discovered:
D:1:      onia_arrival_mini_maze_b, layout_loops_ring
D:2:      layout_loops_ring, minmay_cupped, uniq_natasha
D:3:      minmay_skewed_foursquare, layout_loops_corners,
          nicolae_overflow_crystal_walls, chequers_ecumenical_altar_simple,
          first_ration, minmay_misc_feat_roman
D:4:      layout_rooms, nicolae_overflow_hidden_temple, serial_shops, shop
D:5:      layout_layer_cave, minmay_temple_entry_glass, serial_shops, shop,
          minmay_small_thing
D:6:      layout_loops_cross, grunt_dithmenos_shadows, lemuel_doored_altar,
          dancing_weapons_uskayaw, gammafunk_temple_overflow_arena,
          minmay_misc_feat_chi, hangedman_minor_gate_pass, uniq_blork_the_orc
D:7:      minmay_inner_zag, layout_rooms, doesnt_xom_only_xom,
          kennysheep_little_box, tgw_sif
D:8:      minmay_ornate_pinched, layout_loops_ring, kiku_gazebo_garden_becter,
          serial_shops, shop_coins, shop, shop, uniq_erica
D:9:      layout_basic, vehumet_statue, kennysheep_mini_moat,
          lemuel_another_geyser
D:10:     hangedman_cross_stitches, layout_irregular_city, dpeg_oklobed_lair
Temple:   jpeg_temple_island
Lair:1:   layout_hall_layers, enter_volcano_3, chequers_serial_rivers_micro_d,
          serial_bayou_lagoon_a, minivault_25, st_stairs_10

Skill      XL: |  1  2  3  4  5  6  7  8  9 10 11 |
---------------+----------------------------------+-----
Maces & Flails | 3 4 5 7 8 10 | 10.9
Fighting       | 4 5 6 7 8 9 |  9.0
Armour         | 4 5 6 7 8 |  8.9
Shields        | 4 5 6 7 8 9 |  9.0
Evocations     | 1 3 4 |  4.3
Invocations    | 1 3 |  3.4

Action                   |  1- 3 |  4- 6 |  7- 9 | 10-12 || total
-------------------------+-------+-------+-------+-------++-------
Melee: Flail             |   174 |   299 |   416 |   619 ||  1508
Throw: Dart              |       |       |     7 |       ||     7
  Use: Scroll            |       |     6 |     4 |     1 ||    11
       Potion            |       |       |     2 |     1 ||     3
  Eat: Chunk             |     1 |    11 |     8 |     6 ||    26
       Ration            |       |       |     3 |     5 ||     8
Armor: Scale mail        |   118 |   130 |    91 |       ||   339
       Chain mail        |       |       |   120 |   270 ||   390
Dodge: Dodged            |    52 |    94 |    91 |   121 ||   358
Block: Kite shield       |    90 |   130 |   198 |   263 ||   681

Levels and vault maps discovered:
D:1:      onia_arrival_mini_maze_b, layout_loops_ring
D:2:      layout_loops_ring, minmay_cupped, uniq_natasha
D:3:      minmay_skewed_foursquare, layout_loops_corners,
          nicolae_overflow_crystal_walls, chequers_ecumenical_altar_simple,
          first_ration, minmay_misc_feat_roman
D:4:      layout_rooms, nicolae_overflow_hidden_temple, serial_shops, shop
D:5:      layout_layer_cave, minmay_temple_entry_glass, serial_shops, shop,
          minmay_small_thing
D:6:      layout_loops_cross, grunt_dithmenos_shadows, lemuel_doored_altar,
          dancing_weapons_uskayaw, gammafunk_temple_overflow_arena,
          minmay_misc_feat_chi, hangedman_minor_gate_pass, uniq_blork_the_orc
D:7:      minmay_inner_zag, layout_rooms, doesnt_xom_only_xom,
          kennysheep_little_box, tgw_sif
D:8:      minmay_ornate_pinched, layout_loops_ring, kiku_gazebo_garden_becter,
          serial_shops, shop_coins, shop, shop, uniq_erica
D:9:      layout_basic, vehumet_statue, kennysheep_mini_moat,
          lemuel_another_geyser
D:10:     hangedman_cross_stitches, layout_irregular_city, dpeg_oklobed_lair
Temple:   jpeg_temple_island
Lair:1:   layout_hall_layers, enter_volcano_3, chequers_serial_rivers_micro_d,
          serial_bayou_lagoon_a, minivault_25, st_stairs_10

Table legend:
 A = Turns spent in this place as a percentage of turns spent in the entire game.
 B = Non-inter-level travel turns spent in this place as a percentage of non-inter-level travel turns spent in the entire game.
 C = Inter-level travel turns spent in this place as a percentage of turns spent in this place.
 D = Turns resting spent in this place as a percentage of non-inter-level travel turns spent in this place.
 E = Turns spent auto-exploring this place as a percentage of non-inter-level travel turns spent in this place.
 F = Non-inter-level travel turns spent in this place divided by the number of levels of this place that you've seen.
                   A       B       C       D       E      F
               +-------+-------+-------+-------+-------+----------------------
         Total | 100.0 | 100.0 |   7.8 |  26.5 |  40.7 | 1052.9
       Dungeon |  97.7 |  97.8 |   7.6 |  27.1 |  39.9 | 1235.5
        Temple |   1.9 |   1.7 |  15.6 |   0.0 |  98.6 | 217.0
          Lair |   0.5 |   0.5 |   0.0 |   0.0 |   0.0 |  63.0
               +-------+-------+-------+-------+-------+----------------------

Table legend:
 A = Kills in this place as a percentage of kills in entire the game.
 B = Kills by you in this place as a percentage of kills by you in the entire game.
 C = Kills by friends in this place as a percentage of kills by friends in the entire game.
 D = Other kills in this place as a percentage of other kills in the entire game.
 E = Experience gained in this place as a percentage of experience gained in the entire game.
 F = Experience gained in this place divided by the number of levels of this place that you have seen.
                   A       B       C       D       E      F
               +-------+-------+-------+-------+-------+----------------------
         Total | 100.0 | 100.0 |   N/A | 100.0 | 100.0 | 1203.3
       Dungeon |  99.6 |  99.6 |   N/A | 100.0 |  93.0 | 1343.0
          Lair |   0.4 |   0.4 |   N/A |   0.0 |   7.0 | 1010.0
               +-------+-------+-------+-------+-------+----------------------
